 Dungeon Crawl Stone Soup version 0.19-a0-1732-g0b18a7b (webtiles) character file.

39 Ijustatesigmund the Magician (level 3, -5/16 HPs)
             Began as a Spriggan Wizard on Sept 30, 2016.
             Slain by a worm (11 damage)
             ... on level 2 of the Dungeon.
             The game lasted 00:07:42 (2976 turns).

Ijustatesigmund the Magician (Spriggan Wizard)      Turns: 2976, Time: 00:07:43

Health: -5/16      AC:  3    Str:  3    XL:     3   Next: 26%
Magic:  0/9        EV: 19    Int: 19    God:
Gold:   60         SH:  0    Dex: 15    Spells: 3 memorised, 5 levels left

rFire  . . .     SeeInvis +     e - +0 short sword
rCold  . . .     Gourm    .     a - +0 robe
rNeg   . . .     Faith    .     (shield restricted)
rPois  .         Spirit   .     b - +1 hat
rElec  .         Dismiss  .     (no cloak)
rCorr  .         Reflect  .     (gloves unavailable)
MR     .....     Harm     .     (boots unavailable)
Stlth  +++.......               (no amulet)
                                (no ring)
                                (no ring)

@: very slightly contaminated, very quick
A: unfitting armour, see invisible, herbivore 3, speed 3, slow metabolism 2
a: no special abilities


You were on level 2 of the Dungeon.
You were not hungry.

You visited 1 branch of the dungeon, and saw 2 of its levels.

You collected 60 gold pieces.

Inventory:

Hand Weapons
 e - a +0 short sword (weapon)
 g - a +0 dagger
Armour
 a - a +0 robe (worn)
 b - a +1 hat (worn)
 h - a +0 buckler
Potions
 f - 2 potions of resistance
 i - a potion of ambrosia
 j - a potion of brilliance {unknown}
 k - a potion of berserk rage {unknown}
 l - a potion of curing {unknown}
Books
 c - a book of Minor Magic

   Spells                             Type                      Level
   a - Magic Dart                     Conjuration                  1
   b - Blink                          Translocation                2
   c - Call Imp                       Summoning                    2
   d - Repel Missiles                 Charms/Air                   2
   e - Slow                           Hexes                        2
   f - Conjure Flame                  Conjuration/Fire             3
   g - Mephitic Cloud                 Conjuration/Poison/Air       3
Comestibles
 d - a bread ration


   Skills:
 + Level 1.8 Short Blades
 + Level 4.0 Dodging
 + Level 3.9 Stealth
 - Level 4.0 Spellcasting
 - Level 0.6 Conjurations
   Level 0.7 Summonings
 - Level 1.5 Translocations


You had 5 spell levels left.
You knew the following spells:

 Your Spells              Type           Power        Failure   Level  Hunger
a - Magic Dart            Conj           #...         12%         1    None
b - Blink                 Tloc           N/A          12%         2    ##.....
c - Repel Missiles        Chrm/Air       #.....       21%         2    ##.....


Dungeon Overview and Level Annotations

Branches:
Dungeon (2/15)

Altars:
The Shining One

Annotations:
D:2 Sigmund


Innate Abilities, Weirdness & Mutations

You are very small and have problems with some larger weapons.
You are too small for most types of armour.
You have supernaturally acute eyesight. (SInv)
You are a herbivore.
You cover ground extremely quickly.
You need consume almost no food.


Message History

The worm is heavily wounded.
Casting: Magic Dart
Confirm with . or Enter, or press ? or * to list all spells.
Aiming: Magic Dart
Press: ? - help, Shift-Dir - straight line, f/p - worm
Aim: a worm (heavily wounded)
The magic dart hits the worm.
The worm is heavily wounded.
The worm bites you!
Ouch! That really hurt!
Casting: Magic Dart
Confirm with . or Enter, or press ? or * to list all spells.
Aiming: Magic Dart
Press: ? - help, Shift-Dir - straight line, f/p - worm
Aim: a worm (heavily wounded)
The magic dart hits the worm.
The worm is severely wounded.
The worm bites you!
Ouch! That really hurt!
You die...

#....####...# #.. #.#### ##.##
##. ... #.# #.# #.... ... #'##
#.###### .... #.# ...## #......#
## #..# #.# # ....## ######.#
#.###.###.# ## .....## ##.###.#
###.#.#.##.###.
......####...##.###..........##..
......'.........@w†...........'..
......####.......#.........####..
.....## #..###..#..##..#.## ##.
....## #.## #..#..##..#.# ##
...## #.# ##..#..##..#.# # #+##
#.# #...#..##..#.# #.# #.#
#.#.#......#.# #.###### #.#
#.#.##.......# ##### #......#
#.###.#.#####.#### #....


You could see a worm.

Vanquished Creatures
  2 giant cockroaches
  6 goblins (D:1)
  4 hobgoblins
  A jackal (D:1)
  6 kobolds
  A quokka (D:2)
  2 ball pythons (D:1)
  8 bats
  2 frilled lizards
  4 rats (D:1)
36 creatures vanquished.

Notes
Turn   | Place    | Note
-------+----------+-------------------------------------------
     0 | D:1      | Ijustatesigmund the Spriggan Wizard began the quest for the Orb.
     0 | D:1      | Reached XP level 1. HP: 9/9 MP: 6/6
   164 | D:1      | Found a glowing golden altar of the Shining One.
   398 | D:1      | Reached XP level 2. HP: 13/13 MP: 2/8
   452 | D:1      | Learned a level 2 spell: Blink
   455 | D:1      | Learned a level 2 spell: Repel Missiles
   697 | D:1      | Reached skill level 1 in Short Blades
  1225 | D:2      | Noticed Sigmund
  1288 | D:2      | Reached XP level 3. HP: 16/16 MP: 4/9
  2976 | D:2      | Slain by a worm

Vault maps used:
D:1:      grunt_arrival_crossed_arrows, tso_altar
D:2:      minmay_surrounded, uniq_sigmund

Skill      XL: |  1  2  3 |
---------------+----------+-----
Short Blades   | 1 |  1.8
Dodging        | 4 |  4.0
Stealth        | |  3.9
Spellcasting   | |  4.0
Conjurations   | |  0.6
Summonings     | |  0.7
Translocations | |  1.5

Action                   || total
-------------------------++-------
Melee: Dagger            ||    35
 Cast: Magic Dart        ||   126
       Repel Missiles    ||     1
  Use: Scroll            ||     5
Armor: Robe              ||     1
Dodge: Dodged            ||    34
       Deflected         ||     1
